 Dungeon Crawl Stone Soup version 0.22.1-5-g62c59d9 (webtiles) character file.

22 avocado455 the Vexing (level 2, -1/23 HPs)
             Began as a Centaur Arcane Marksman on Jan 8, 2019.
             Slain by a gnoll (3 damage)
             ... on level 2 of the Dungeon.
             The game lasted 00:09:07 (1028 turns).

avocado455 the Vexing (Centaur Arcane Marksman)     Turns: 1028, Time: 00:09:08

Health: -1/23      AC:  6    Str: 12    XL:     2   Next: 68%
Magic:  4/4        EV:  3    Int: 12    God:
Gold:   81         SH:  0    Dex:  9    Spells: 3/4 levels left

rFire    . . .     SeeInvis .   a - +0 hand crossbow
rCold    . . .     Gourm    .   (no shield)
rNeg     . . .     Faith    .   h - -1 chain mail (curse)
rPois    .         Spirit   .   (no helmet)
rElec    .         Reflect  .   (no cloak)
rCorr    .         Harm     .   (no gloves)
MR       .....                  (no barding)
Stlth    ..........             (no amulet)
HPRegen  0.07/turn              (no ring)
MPRegen  0.09/turn              (no ring)

@: very quick
A: large, hooves 3, deformed body, speed 2, tough skin 3
a: no special abilities


You were on level 2 of the Dungeon.
You were not hungry.

You visited 1 branch of the dungeon, and saw 2 of its levels.

You collected 81 gold pieces.

Inventory:

Hand Weapons
 a - a +0 hand crossbow (weapon)
 l - a +2 dagger of electrocution
Missiles
 d - 6 bolts (quivered)
 m - 42 arrows
Armour
 b - a +0 scale mail
 e - a +0 robe
 h - a cursed -1 chain mail (worn)
Jewellery
 o - a cursed ring of attention
Scrolls
 i - a scroll of teleportation {unknown}
 k - a scroll of immolation
Potions
 c - a potion of degeneration {unknown}
 g - a potion of curing {unknown}
Comestibles
 f - 3 rations


   Skills:
 - Level 1.0 Fighting
 + Level 2.6 Crossbows
 + Level 0.1 Armour
 + Level 1.5 Dodging
 * Level 1.6 Spellcasting
 - Level 2.8 Hexes


You had 3 spell levels left.
You knew the following spells:

 Your Spells              Type           Power        Failure   Level  Hunger
a - Corona                Hex            #......      99%         1    ##.....

Your spell library contained the following spells:

 Spells                   Type           Power        Failure   Level  Hunger
 Slow                     Hex            #.......     100%        2    ###....
 Inner Flame              Hex/Fire       #.......     100%        3    ####...
 Portal Projectile        Hex/Tloc       #.....       100%        3    ####...
 Cause Fear               Hex            #.........   100%        4    #####..
 Leda's Liquefaction      Hex/Erth       #.........   100%        4    #####..


Dungeon Overview and Level Annotations

Branches:
Dungeon (2/15)

Altars:


Innate Abilities, Weirdness & Mutations

You have hooves in place of feet.
Armour fits poorly on your strangely shaped body.
You cover ground very quickly.
You have extremely tough skin. (AC +3)


Message History

The gnoll is moderately wounded.
The gnoll hits you from afar with an enchanted spear!
The gnoll hits you but does no damage.
The gnoll hits you from afar with an enchanted spear.
Firing (i - inventory)
d - 7 bolts (quivered)
Press: ? - help, Shift-Dir - straight line, f/p - gnoll
Aim: a gnoll, wielding an enchanted spear (severely wounded)
You shoot a bolt. The bolt barely misses the gnoll.
The bolt hits the gnoll.
The gnoll is almost dead.
The gnoll hits you from afar with an enchanted spear.
* * * LOW HITPOINT WARNING * * *
The gnoll hits you.
* * * LOW HITPOINT WARNING * * *
A frilled lizard comes into view.
Unknown command.
Unknown command.
As you read the scroll of immolation, it crumbles to dust.
The creatures around you are filled with an inner flame!
The gnoll hits you but does no damage. The gnoll hits you.
You die...

### ..... # #..l# #
#...# # #.(.# #...#
##.(.### #####.lgg..#
#.. ..##.#g# ##..
#.##.#@##.###
....####.##..........
#..#..........#.####
#..#.##.........#
#........#...^.##
##.......#.....#
###.###.#.....# #.#
#.......##
#.####.......#


You could see 3 gnolls and 2 frilled lizards.

Vanquished Creatures
  A dart slug (D:1)
  2 bats (D:1)
  3 giant cockroaches (D:2)
  2 goblins (D:1)
  2 hobgoblins (D:1)
  2 jackals (D:2)
  A frilled lizard (D:1)
  2 kobolds (D:1)
  2 rats
17 creatures vanquished.

Notes
Turn   | Place    | Note
-------+----------+-------------------------------------------
     0 | D:1      | avocado455 the Centaur Arcane Marksman began the quest for
                  | the Orb.
     0 | D:1      | Reached XP level 1. HP: 16/16 MP: 2/2
   391 | D:1      | Reached XP level 2. HP: 20/23 MP: 4/4
  1028 | D:2      | Slain by a gnoll

Action                   || total
-------------------------++-------
Melee: Hand crossbow     ||     4
 Fire: Hand crossbow     ||    53
  Use: Scroll            ||     6
Armor: Chain mail        ||    42
       Robe              ||     1
Dodge: Dodged            ||     8
